 Dungeon Crawl Stone Soup version 0.28-a0-1506-g3893175d92 (webtiles) character file.

Game seed: 5206746784925312834

10 comborobin the Sneak (level 2, 0/24 HPs)
             Began as a Merfolk Delver on Jan 14, 2022.
             Succumbed to an adder's poison
             ... on level 2 of the Dungeon.
             The game lasted 00:01:41 (1050 turns).

comborobin the Sneak (Merfolk Delver)               Turns: 1050, Time: 00:01:41

Health: 0/24       AC:  4    Str: 12    XL:     2   Next: 20%
Magic:  2/2        EV: 12    Int:  9    God:
Gold:   37         SH:  0    Dex: 15    Spells: 1/1 levels left

rFire   . . .      SeeInvis .   a - +0 spear
rCold   . . .      Faith    .   (no shield)
rNeg    . . .      Spirit   .   b - +0 leather armour
rPois   .          Reflect  .   e - +0 helmet
rElec   .          Harm     .   (no cloak)
rCorr   .          Rampage  .   (no gloves)
Will    .....                   (no boots)
Stlth   +++.......              (no amulet)
HPRegen 0.08/turn               (no ring)
MPRegen 0.08/turn               (no ring)

@: lethally poisoned (0 -> -1)
A: (nimble swimmer 2), mertail
a: no special abilities


You were on level 2 of the Dungeon.
You visited 1 branch of the dungeon, and saw 7 of its levels.

You collected 37 gold pieces.

Inventory:

Hand Weapons
 a - a +0 spear (weapon)
 d - a +0 quarterstaff
Missiles
 h - 3 javelins (quivered)
Armour
 b - a +0 leather armour (worn)
 e - a +0 helmet (worn)
Wands
 g - a wand of digging (1)
Scrolls
 c - a scroll of fog
 f - a scroll of identify
 i - a scroll of teleportation


   Skills:
 + Level 3.6 Fighting
 + Level 3.6 Polearms
 + Level 2.8 Dodging
 - Level 5.4 Stealth


You had one spell level left.
You didn't know any spells.
Your spell library was empty.

Dungeon Overview and Level Annotations

Branches:
Dungeon (8/15)
 Temple: D:4-7         Lair: D:8-11

Altars:


Innate Abilities, Weirdness & Mutations

((You are very nimble when in or above water. (Stealth+, EV+, Speed+++)))
Your lower body shifts to a powerful aquatic tail in water.


Message History

A hobgoblin comes into view.
A hobgoblin is nearby!
A hobgoblin is nearby!
You reach to attack!
You closely miss the adder. The adder bites you. The adder barely misses you.
You barely miss the adder. The adder bites you.
You are poisoned.
The adder poisons you!
You barely miss the adder.
You feel sick. The adder barely misses you.
You miss the adder.
You feel sick. The adder bites you.
You hit the adder.
The adder is moderately wounded.
You feel sick. The adder bites you.
You are more poisoned.
The adder poisons you!
You miss the adder.
The adder is moderately wounded.
You feel sick. The adder bites you but does no damage.
You are too injured to fight recklessly!
You hit the adder.
The adder is heavily wounded.
You feel sick. The adder bites you but does no damage. The adder bites you.
* * * LOW HITPOINT WARNING * * *
You aren't carrying any potions.
You aren't carrying any potions.
As you read the scroll labelled JUNABE ZUFA, it crumbles to dust.
You feel strangely unstable.
It was a scroll of teleportation.
* * * LOW HITPOINT WARNING * * *
You feel sick. The adder closely misses you.
Unknown command.
* * * LOW HITPOINT WARNING * * *
You feel sick.
Your surroundings suddenly seem different.
* * * LOW HITPOINT WARNING * * *
You feel sick.
* * * LOW HITPOINT WARNING * * *
You feel sick.
Unknown command.
You die...

.# .. #.
#### #..
...
#...####.#
#..@...#
########


There were no monsters in sight!

Vanquished Creatures
  A bat (D:2)
  An endoplasm (D:2)
  A hobgoblin (D:2)
  2 jackals (D:2)
  A kobold (D:2)
  A quokka (D:2)
  A rat (D:2)
8 creatures vanquished.

Notes
Turn   | Place    | Note
-------+----------+-------------------------------------------
     0 | D:5      | comborobin the Merfolk Delver began the quest for the Orb.
     0 | D:5      | Reached XP level 1. HP: 18/18 MP: 1/1
    18 | D:5      | Noticed an orc wizard
   141 | D:6      | Noticed a hound
   201 | D:5      | Noticed a hound
   203 | D:5      | Noticed an ogre
   219 | D:4      | Noticed a hound
   879 | D:2      | Reached XP level 2. HP: 19/24 MP: 2/2
  1049 | D:2      | HP: 1/24 [poisoned by an adder]
  1050 | D:2      | Succumbed to an adder's poison

Illustrated notes

Levels and vault maps discovered:
D:2:      layout_basic, minmay_tromino_v2
D:3:      layout_basic, nicolae_concentric_dashed_squares_mild,
          minmay_divided_ellipse, uniq_jessica
D:4:      layout_loops_ring, kennysheep_mini, minmay_temple_entry_glassed_door,
          minmay_pentangle
D:5:      layout_gridville, uniq_blork_the_orc
D:6:      wad_woods_stonehenge, layout_loops_corners, uniq_sigmund, uniq_edmund
D:7:      layout_gridville, chequers_serial_rivers_small_a
D:8:      layout_basic, grunt_lair_entry_orc_guard_hut, uniq_erica, uniq_maggie

Action                   || total
-------------------------++-------
Melee: Spear             ||    52
Evoke: Wand              ||     2
  Use: Scroll            ||     4
       Potion            ||     1
 Stab: Sleeping          ||     2
Armor: Leather armour    ||    13
Dodge: Dodged            ||    34

Table legend: (Time is in decaauts)
 A = Elapsed time spent in this place.
 B = Non-inter-level travel time spent in this place.
 C = Inter-level travel time spent in this place.
 D = Time resting spent in this place.
 E = Time spent auto-exploring this place.
 F = Levels seen in this place.
 G = Mean time per level.
                   A        B        C        D        E       F      G
               +--------+--------+--------+--------+--------+-----+--------+
         Total |   1028 |    998 |     30 |    469 |    221 |   7 |  146.9 |
       Dungeon |   1028 |    998 |     30 |    469 |    221 |   7 |  146.9 |
               +--------+--------+--------+--------+--------+-----+--------+

Top non-repeatable levels by time:
     D:2: 761 daAuts
     D:6: 80 daAuts
     D:5: 63 daAuts
     D:3: 50 daAuts
     D:7: 49 daAuts
     D:8: 14 daAuts
     D:4: 8 daAuts
